 Dungeon Crawl Stone Soup version 0.30-a0-937-ga0a21ad780 (webtiles) character file.

Game seed: 15450387598510036963

550 bande the Chopper (level 7, -1/44 HPs)
             Began as a Gargoyle Fighter on Mar 25, 2023.
             Slain by Duvessa
             ... wielding a +2 short sword of speed
              (14 damage)
             ... on level 4 of the Dungeon.
             The game lasted 00:05:41 (3205 turns).

bande the Chopper (Gargoyle Fighter)                Turns: 3205, Time: 00:05:41

Health: -1/44      AC: 16    Str: 20    XL:     7   Next: 29%
Magic:  7/7        EV:  7    Int:  8    God:
Gold:   243        SH:  5    Dex: 13    Spells: 6/6 levels left

rFire   . . .      SeeInvis .    a - +1 war axe
rCold   . . .      Faith    .    c - +0 buckler
rNeg    + . .      Spirit   .    i - +0 chain mail
rPois   ∞          Reflect  .    (no helmet)
rElec   +          Rampage  .    (no cloak)
rCorr   .                        j - +1 pair of gloves
Will    .....                    (no boots) Stlth
                                 (no amulet)
HPRegen 0.27/turn                (no ring)
MPRegen 0.10/turn                (no ring)

@: mighty
A: sickness immunity, AC +4, negative energy resistance 1, electricity
resistance, torment resistance 1, petrification resistance, talons 1, thin
skeletal structure 1
a: no special abilities


You were on level 4 of the Dungeon.
You visited 1 branch of the dungeon, and saw 4 of its levels.

You collected 243 gold pieces.

Inventory:

Hand Weapons
 a - a +1 war axe (weapon)
 p - the +4 mace "Piusuof" {freeze, rF+}
   (You found it on level 3 of the Dungeon)

   rF:        It protects you from fire.
Armour
 c - a +0 buckler (worn)
 i - a +0 chain mail (worn)
 j - a +1 pair of gloves (worn)
Wands
 b - a wand of flame (3)
 m - a wand of mindburst (10)
Scrolls
 h - 7 scrolls of teleportation
 l - a scroll of summoning
 q - a scroll of enchant armour
Potions
 f - a potion of resistance {unknown}
 g - a potion of cancellation {unknown}
 k - a potion of brilliance
 n - 2 potions of invisibility {unknown}
 o - a potion of lignification {unknown}


   Skills:
 + Level 4.4 Fighting
 + Level 5.0 Axes
 + Level 4.9 Armour
 + Level 4.2 Shields
 * Level 1.3 Evocations


You had 6 spell levels left.
You didn't know any spells.
Your spell library contained the following spells:

 Spells                   Type           Power      Damage    Failure   Level
 Ozocubu's Armour         Ice            0%         N/A       100%        3
 Portal Projectile        Hex/Tloc       0%         N/A       100%        3
 Tukima's Dance           Hex            0%         N/A       100%        3
 Passage of Golubria      Tloc           0%         N/A       100%        4
 Blade Hands              Tmut           0%         N/A       100%        5
 Yara's Violent Unravell  Hex/Tmut       0%         3d3       100%        5
 Ozocubu's Refrigeration  Ice            0%         4d7       100%        7


Dungeon Overview and Level Annotations

Branches:
Dungeon (4/15)
 Temple: D:4-7

Altars:

Annotations:
D:4 Duvessa


Innate Abilities, Weirdness & Mutations

You are immune to sickness and miasma.
Your stone body is resilient. (AC +4)
You are immune to poison.
You resist negative energy. (rN+)
You are resistant to electric shocks. (rElec)
You are resistant to unholy torment.
You are immune to petrification.
You have sharp toenails.
You have a somewhat thin skeletal structure. (Dex +2, Stealth+)


Message History

Dowan casts a spell at you. The puff of flame hits you!
Duvessa hits you with a +2 short sword of speed.
Unknown command.
You hit Duvessa but do no damage. Your kick misses Duvessa.
Duvessa is moderately wounded.
Duvessa hits you but does no damage.
Duvessa hits you with a +2 short sword of speed.
Duvessa hits you but does no damage. Dowan hits you but does no damage.
Unknown command.
You slash Duvessa! You claw Duvessa, but do no damage.
Duvessa is heavily wounded.
You slash Dowan!
You kill Dowan!
Duvessa screams in rage.
Duvessa goes berserk!
Duvessa barely misses you. Duvessa hits you but does no damage.
You block Duvessa's attack.
Duvessa hits you with a +2 short sword of speed.
* * * LOW HITPOINT WARNING * * *
Your Axes skill increases to level 5!
You feel better. Duvessa hits you but does no damage.
You block Duvessa's attack.
You feel very mighty all of a sudden. Duvessa barely misses you.
Duvessa hits you with a +2 short sword of speed!
* * * LOW HITPOINT WARNING * * *
You hit Duvessa. You claw Duvessa, but do no damage.
Duvessa is heavily wounded.
Duvessa hits you but does no damage. Duvessa barely misses you.
Duvessa hits you with a +2 short sword of speed.
* * * LOW HITPOINT WARNING * * *
You closely miss Duvessa. Your kick misses Duvessa.
Duvessa is heavily wounded.
You are no longer glowing.
Duvessa hits you but does no damage. Duvessa barely misses you.
Duvessa completely misses you.
You hit Duvessa.
Duvessa is heavily wounded.
Duvessa hits you with a +2 short sword of speed!
You die...

##### ##...##
#>....###.
#.........
#######.....###. #
####......@).......
#.
#....#####e#.#.###.
#.### #.#### #.....
#... #.# ###.###
#.##. #.# .# # #.
#.# .# #..# ## #.#
.# #...# # #.# .#
#...###### #.#
.#.......


You could see Duvessa (berserk, fast).

Vanquished Creatures
  Grinder (D:3)
  The ghost of howech the Sneak, an amateur OpEn (D:3)
  A scorpion (D:4)
  Dowan (D:4)
  A centaur zombie (D:3)
  A centaur skeleton (D:3)
  Jessica (D:3)
  A howler monkey zombie (D:3)
  5 adders
  A dart slug (D:2)
  7 endoplasms
  2 giant cockroaches
  3 goblins
  3 hobgoblins
  6 jackals
  5 kobolds
  4 ball pythons
  3 bats
  4 frilled lizards
  4 rats
55 creatures vanquished.

Vanquished Creatures (others)
  2 plants (D:1)
2 creatures vanquished.

Grand Total: 57 creatures vanquished

Notes
Turn   | Place    | Note
-------+----------+-------------------------------------------
     0 | D:1      | bande the Gargoyle Fighter began the quest for the Orb.
     0 | D:1      | Reached XP level 1. HP: 14/14 MP: 1/1
    28 | D:1      | You fall into a shaft and drop 1 floor!
   196 | D:1      | Reached XP level 2. HP: 19/19 MP: 2/2
   314 | D:1      | Reached skill level 2 in Axes
  1032 | D:2      | Reached XP level 3. HP: 18/23 MP: 3/3
  1532 | D:3      | Reached XP level 4. HP: 29/29 MP: 4/4
  1608 | D:3      | Noticed Jessica
  1612 | D:3      | Killed Jessica
  1613 | D:3      | Reached skill level 3 in Axes
  1704 | D:3      | Noticed Grinder
  1724 | D:3      | Paralysed by Grinder for 5 turns
  1730 | D:3      | Killed Grinder
  1731 | D:3      | Reached skill level 4 in Axes
  1731 | D:3      | Reached XP level 5. HP: 13/33 MP: 5/5
  1731 | D:3      | Reached XP level 6. HP: 15/38 MP: 6/6
  2193 | D:3      | Gained mutation: You are occasionally teleported next to
                  | monsters. [potion of mutation]
  2193 | D:3      | Gained mutation: Your flesh is cold resistant. (rC+)
                  | [potion of mutation]
  2194 | D:3      | Lost mutation: You are occasionally teleported next to
                  | monsters. [potion of mutation]
  2194 | D:3      | Lost mutation: Your flesh is cold resistant. (rC+) [potion
                  | of mutation]
  2194 | D:3      | Gained mutation: You have sharp toenails. [potion of
                  | mutation]
  2194 | D:3      | Gained mutation: You have a somewhat thin skeletal
                  | structure. (Dex +2, Stealth+) [potion of mutation]
  2480 | D:3      | Identified the +4 mace "Piusuof" {freeze, rF+}
  2558 | D:3      | Found a runed translucent gate.
  2644 | D:3      | Found a runed translucent gate.
  2645 | D:3      | Found a runed translucent gate.
  2647 | D:3      | Noticed howech's ghost (amateur OpEn)
  2873 | D:3      | Killed howech's ghost
  2883 | D:3      | Reached skill level 1 in Evocations
  2966 | D:4      | Reached XP level 7. HP: 43/43 MP: 7/7
  3185 | D:4      | Noticed Dowan
  3186 | D:4      | Noticed Duvessa
  3200 | D:4      | Killed Dowan
  3201 | D:4      | Reached skill level 5 in Axes
  3205 | D:4      | Slain by Duvessa

Illustrated notes

Levels and vault maps discovered:
D:1:      mushboom_english_gardens, layout_basic, kennysheep_flooded_box,
          chequers_jeans, chequers_big_river
D:2:      layout_basic, kennysheep_generic_room_7
D:3:      layout_basic, serial_glass, glass_columns_a, glass_columns_c,
          gammafunk_ghost_necromancy, uniq_jessica, uniq_grinder
D:4:      layout_loops_ring, minmay_rat_hole, uniq_duvessa, uniq_blork_the_orc

Skill      XL: |  1  2  3  4  5  6  7 |
---------------+----------------------+-----
Axes           | 2 4 5 |  5.0
Armour         | 4 |  4.9
Fighting       | 4 |  4.4
Shields        | 4 |  4.2
Evocations     | 1 |  1.3

Action                     |  1- 3 |  4- 6 |  7- 9 || total
---------------------------+-------+-------+-------++-------
  Melee: War axe           |    87 |    66 |    25 ||   178
         Kick              |       |     6 |     7 ||    13
    Use: Scroll            |     6 |     5 |       ||    11
         Potion            |       |     2 |     2 ||     4
 Armour: Scale mail        |    55 |       |       ||    55
         Chain mail        |    19 |    77 |    25 ||   121
  Dodge: Dodged            |    40 |    42 |    12 ||    94
  Block: Buckler           |    27 |    26 |     4 ||    57

Table legend: (Time is in decaauts)
 A = Elapsed time spent in this place.
 B = Non-inter-level travel time spent in this place.
 C = Inter-level travel time spent in this place.
 D = Time resting spent in this place.
 E = Time spent auto-exploring this place.
 F = Levels seen in this place.
 G = Mean time per level.
                   A        B        C        D        E       F      G
               +--------+--------+--------+--------+--------+-----+--------+
         Total |   3287 |   3111 |    176 |    288 |   2289 |   4 |  821.8 |
       Dungeon |   3287 |   3111 |    176 |    288 |   2289 |   4 |  821.8 |
               +--------+--------+--------+--------+--------+-----+--------+

Top non-repeatable levels by time:
     D:3: 1465 daAuts
     D:1: 987 daAuts
     D:2: 572 daAuts
     D:4: 261 daAuts
